 Seeded DCSS version 0.28.0-47-ge53b351184 (webtiles) character file.

Game seed: 10010001010100 (custom seed)

28 joe1234567 the Skirmisher (level 3, 0/33 HPs)
             Began as a Minotaur Berserker on May 1, 2022.
             Was a Follower of Trog.
             Shot with a stone by a goblin (4 damage)
             ... on level 2 of the Dungeon.
             The game lasted 00:03:11 (468 turns).

joe1234567 the Skirmisher (Minotaur Berserker)       Turns: 468, Time: 00:03:12

Health: 0/33       AC:  2    Str: 21    XL:     3   Next: 0%
Magic:  2/2        EV: 12    Int:  4    God:    Trog [*.....]
Gold:   26         SH:  0    Dex: 11    Spells: 2/2 levels left

rFire   . . .      SeeInvis .   d - +2 dagger (drain)
rCold   . . .      Faith    .   (no shield)
rNeg    . . .      Spirit   .   b - +0 animal skin
rPois   .          Reflect  .   (helmet restricted)
rElec   .          Harm     .   (no cloak)
rCorr   .          Rampage  .   (no gloves)
Will    .....                   (no boots)
Stlth   +.........              (no amulet)
HPRegen 0.11/turn               (no ring)
MPRegen 0.08/turn               (no ring)

@: no status effects
A: horns 2, retaliatory headbutt
a: Renounce Religion, Berserk


You were on level 2 of the Dungeon.
You worshipped Trog.
Trog was aware of your devotion.
You visited 1 branch of the dungeon, and saw 2 of its levels.

You collected 26 gold pieces.

Inventory:

Hand Weapons
 a - a +0 falchion
 d - a +2 dagger of draining (weapon)
Armour
 b - a +0 animal skin (worn)
 e - a +0 leather armour
Potions
 c - a potion of might {unknown}


   Skills:
 + Level 4.2 Fighting
 + Level 4.2 Long Blades
 + Level 2.6 Armour
 + Level 2.4 Dodging


You had 2 spell levels left.
You didn't know any spells.
Your spell library was empty.

Dungeon Overview and Level Annotations

Branches:
Dungeon (2/15)

Altars:


Innate Abilities, Weirdness & Mutations

You have a pair of horns on your head.
You reflexively headbutt those who attack you in melee.


Message History

A hobgoblin comes into view.
The goblin shoots a stone.
The stone hits you but does no damage.
The hobgoblin shouts!
The adder bites you.
* * * LOW HITPOINT WARNING * * *
You closely miss the adder. The adder closely misses you.
You furiously retaliate!
You headbutt the adder.
The goblin shoots a stone.
The stone barely misses you.
You miss the adder.
The adder is heavily wounded.
The adder closely misses you.
The goblin shoots a stone.
The stone barely misses you.
You hit the adder.
The adder is severely wounded.
The adder closely misses you.
You hit the adder. You drain the adder.
You kill the adder!
Trog accepts your kill.
The goblin shoots a stone.
The stone barely misses you.
You hit the hobgoblin. You drain the hobgoblin.
Your headbutt misses the hobgoblin.
The hobgoblin is almost dead.
The goblin shoots a stone.
The stone closely misses you.
You hit the hobgoblin.
You kill the hobgoblin!
Trog accepts your kill.
You have reached level 3!
Your experience leads to an increase in your attributes!
Increase (S)trength, (I)ntelligence, or (D)exterity?
Uppercase letters only, please.
You feel agile. x2
You aren't carrying any scrolls.
Unknown command.
Okay, then.
The goblin shoots a stone.
The stone barely misses you.
The goblin shoots a stone.
The stone barely misses you.
The goblin shoots a stone.
The stone hits you.
* * * LOW HITPOINT WARNING * * *
The goblin shoots a stone.
The stone hits you.
You die...

.# .# #.# .. #.# .##
.... #.# ...
#..######.###### #..
#...@.........#####..
####.................
#......g..........
#.................
#..†.).......#.#).
.................<†..
####............#.#).
#.(...............
###########.......


You could see a goblin.

Vanquished Creatures
  An adder (D:2)
  2 dart slugs (D:1)
  An endoplasm (D:2)
  A giant cockroach (D:1)
  A hobgoblin (D:2)
  A quokka (D:1)
  2 ball pythons
  2 bats
  3 goblins (D:2)
  A kobold (D:1)
  A rat (D:1)
16 creatures vanquished.

Notes
Turn   | Place    | Note
-------+----------+-------------------------------------------
     0 | D:1      | joe1234567 the Minotaur Berserker began the quest for the
                  | Orb.
     0 | D:1      | Reached XP level 1. HP: 19/19 MP: 0/0
   279 | D:1      | Reached XP level 2. HP: 22/27 MP: 1/1
   462 | D:2      | Reached XP level 3. HP: 5/33 MP: 2/2
   468 | D:2      | Shot with a stone by a goblin

Illustrated notes

Levels and vault maps discovered:
D:1:      dpeg_arrival_long_road, layout_loops_corners,
          shapermc_ecumenical_altar_flowoftime
D:2:      layout_rooms, st_stairs_14, nicolae_concentric_dashed_squares_wild

Skill      XL: |  1  2 |
---------------+-------+-----
Long Blades    | 4 |  4.2
Fighting       | 4 |  4.2
Armour         | |  2.6
Dodging        | |  2.4

Action                   || total
-------------------------++-------
Melee: Falchion          ||    15
       Headbutt          ||     1
       Dagger            ||    15
       Punch             ||     2
  Use: Scroll            ||     1
Armor: Animal skin       ||    12
Dodge: Dodged            ||    26
